| TOP OF THE 1ST |
|
Elizabethton Twins batting - Pitching for Orem Owlz : LHP Tanner Scarlett
|
|
Pitching: LHP Tanner Scarlett
|
|
|
Batting: RHB David McDonald
|
0-0: Ball 1-0: DOUBLE (Flyball, 8LXD, EV 106.9 MPH)
|
|
Batting: RHB Nestor Moreno
|
0-0: Ball 1-0: Ball 2-0: Ball 3-0: Base on Balls
|
|
Batting: RHB Ryan Starks
|
0-0: Swinging Strike 0-1: Called Strike 0-2: Ball 1-2: Ball 2-2: Ball 3-2: Fielders Choice at 2nd, 4-6 (Groundball, 4, EV 101.2 MPH) David McDonald to third
|
|
Batting: RHB Hisao Takei
|
0-0: Ball 1-0: Ball 2-0: Foul Ball, location: 2F 2-1: Foul Ball, location: 2F 2-2: Ball 3-2: Base on Balls Ryan Starks to second
|
|
Batting: RHB Sergio Gomez
|
0-0: Swinging Strike 0-1: Ball 1-1: Ball 2-1: Foul Ball, location: 2F 2-2: Strikes out swinging
|
|
Batting: RHB Ned Scovell
|
0-0: Fly out, F9 (Flyball, 89S, EV 88.8 MPH)
|
| Top of the 1st over - 0 runs, 1 hit, 0 errors, 3 left on base; Elizabethton 0 - Orem 0 |
| BOTTOM OF THE 1ST |
|
Orem Owlz batting - Pitching for Elizabethton Twins : LHP Chris Smith
|
|
Pitching: LHP Chris Smith
|
|
|
Batting: RHB Brian Spry
|
0-0: Ball 1-0: Ball 2-0: Foul Ball, location: 2F 2-1: DOUBLE (Line Drive, 89XD, EV 102.5 MPH)
|
|
Batting: RHB Fred Saxton
|
0-0: Ball 1-0: Ground out 4-3 (Groundball, 4, EV 89.4 MPH) Brian Spry to third
|
|
Batting: RHB Arnaud Derosiers
|
0-0: Ball 1-0: Ground out 5-3 (Groundball, 56S, EV 88.1 MPH) Brian Spry scores
|
|
Batting: RHB Daniel Molina
|
0-0: Fly out, F8 (Line Drive, 8RM, EV 105.0 MPH)
|
| Bottom of the 1st over - 1 run, 1 hit, 0 errors, 0 left on base; Elizabethton 0 - Orem 1 |
| TOP OF THE 2ND |
|
Elizabethton Twins batting - Pitching for Orem Owlz : LHP Tanner Scarlett
|
|
Batting: RHB Calvin Day
|
0-0: Ball 1-0: Ball 2-0: DOUBLE (Line Drive, 9LS, EV 110.0 MPH)
|
|
Batting: RHB Braydon Garland
|
0-0: Foul Ball, location: 2F 0-1: Ball 1-1: Swinging Strike 1-2: Ball 2-2: Fly out, F8 (Flyball, 8LD, EV 100.0 MPH)
|
|
Batting: LHB Joey Zamora
|
0-0: Ball 1-0: Ball 2-0: Ball 3-0: Base on Balls
|
|
Batting: RHB David McDonald
|
0-0: Ball 1-0: Ball 2-0: Called Strike 2-1: Ball 3-1: Base on Balls Calvin Day to third Joey Zamora to second
|
|
Batting: RHB Nestor Moreno
|
0-0: Ball 1-0: Ball 2-0: Ball 3-0: Base on Balls Calvin Day scores Joey Zamora to third David McDonald to second
|
|
Batting: RHB Ryan Starks
|
0-0: Ball 1-0: Fly out, F9 (Line Drive, 89D, EV 85.6 MPH) Runner from 3rd tags up, SCORES, no throw by RF
|
|
Batting: RHB Hisao Takei
|
0-0: Foul Ball, location: 2F 0-1: Swinging Strike 0-2: Ball 1-2: Strikes out swinging
|
| Top of the 2nd over - 2 runs, 1 hit, 0 errors, 2 left on base; Elizabethton 2 - Orem 1 |
| BOTTOM OF THE 2ND |
|
Orem Owlz batting - Pitching for Elizabethton Twins : LHP Chris Smith
|
|
Batting: SHB Manuel Martinez
|
0-0: Ball 1-0: Swinging Strike 1-1: Ball 2-1: Called Strike 2-2: Strikes out looking
|
|
Batting: RHB Shawn Jansen
|
0-0: Ball 1-0: Ball 2-0: Called Strike 2-1: Ball 3-1: Base on Balls
|
|
Batting: LHB David Coatney
|
0-0: Called Strike 0-1: Foul Ball, location: 2F 0-2: Strikes out swinging
|
|
Batting: RHB Jesse Sargent
|
0-0: Ball 1-0: Called Strike 1-1: Foul Ball, location: 2F 1-2: Foul Ball, location: 2F 1-2: Strikes out swinging
|
| Bottom of the 2nd over - 0 runs, 0 hits, 0 errors, 1 left on base; Elizabethton 2 - Orem 1 |
| TOP OF THE 3RD |
|
Elizabethton Twins batting - Pitching for Orem Owlz : LHP Tanner Scarlett
|
|
Batting: RHB Sergio Gomez
|
0-0: Ball 1-0: Ball 2-0: Ball 3-0: Base on Balls
|
|
Batting: RHB Ned Scovell
|
0-0: Called Strike 0-1: Swinging Strike 0-2: Ball 1-2: Ball 2-2: Strikes out looking
|
|
Batting: RHB Calvin Day
|
0-0: Fly out, F3 (Popup, 34S, EV 68.8 MPH)
|
|
Batting: RHB Braydon Garland
|
0-0: Called Strike 0-1: Ball 1-1: Called Strike 1-2: Ball 2-2: Strikes out looking
|
| Top of the 3rd over - 0 runs, 0 hits, 0 errors, 1 left on base; Elizabethton 2 - Orem 1 |
| BOTTOM OF THE 3RD |
|
Orem Owlz batting - Pitching for Elizabethton Twins : LHP Chris Smith
|
|
Batting: RHB Steve Neely
|
0-0: Called Strike 0-1: Called Strike 0-2: Ball 1-2: Ball 2-2: Strikes out swinging
|
|
Batting: RHB Brian Spry
|
0-0: Ball 1-0: Called Strike 1-1: Foul Ball, location: 2F 1-2: Ball 2-2: Ball 3-2: Base on Balls
|
|
Batting: RHB Fred Saxton
|
0-0: Called Strike 0-1: Ball 1-1: Ball 2-1: Ball Passed Ball! Brian Spry to second 3-1: Base on Balls
|
|
Batting: RHB Arnaud Derosiers
|
0-0: Ball 1-0: SINGLE (Groundball, 56D, EV 99.4 MPH) Brian Spry to third Fred Saxton to second Runner from 3rd tries for Home, SAFE, throw by LF to home
|
|
Batting: RHB Daniel Molina
|
0-0: Called Strike 0-1: Called Strike 0-2: Ball 1-2: Strikes out swinging
|
|
Batting: SHB Manuel Martinez
|
0-0: Ball 1-0: Ball 2-0: Ball 3-0: Called Strike 3-1: Base on Balls Fred Saxton to third Arnaud Derosiers to second
|
|
Batting: RHB Shawn Jansen
|
0-0: Foul Ball, location: 2F 0-1: Ball 1-1: Ground out U3 (Groundball, 3, EV 88.1 MPH)
|
| Bottom of the 3rd over - 1 run, 1 hit, 0 errors, 3 left on base; Elizabethton 2 - Orem 2 |
| TOP OF THE 4TH |
|
Elizabethton Twins batting - Pitching for Orem Owlz : LHP Tanner Scarlett
|
|
Batting: LHB Joey Zamora
|
0-0: SOLO HOME RUN (Flyball, 9D, EV 100.6 MPH), Distance : 399 ft
|
|
Batting: RHB David McDonald
|
0-0: Foul Ball, location: 2F 0-1: Foul Ball, location: 2F 0-2: Foul Ball, location: 2F 0-2: Ball 1-2: Ground out 1-3 (Groundball, 13S, EV 73.1 MPH)
|
|
Batting: RHB Nestor Moreno
|
0-0: Ground out 4-3 (Groundball, 4M, EV 106.2 MPH)
|
|
Batting: RHB Ryan Starks
|
0-0: Ball 1-0: Swinging Strike 1-1: Swinging Strike 1-2: Ground out 5-3 (Groundball, 25, EV 89.4 MPH)
|
| Top of the 4th over - 1 run, 1 hit, 0 errors, 0 left on base; Elizabethton 3 - Orem 2 |
| BOTTOM OF THE 4TH |
|
Orem Owlz batting - Pitching for Elizabethton Twins : LHP Chris Smith
|
|
Batting: LHB David Coatney
|
0-0: Ground out 6-3 (Groundball, 6, EV 96.2 MPH)
|
|
Batting: RHB Jesse Sargent
|
0-0: Fly out, F3 (Popup, 34S, EV 72.5 MPH)
|
|
Batting: RHB Steve Neely
|
0-0: Ball 1-0: Called Strike 1-1: Ball 2-1: Ball 3-1: Swinging Strike 3-2: Foul Ball, location: 2F 3-2: Base on Balls
|
|
Pitching: RHP Brian Waldrip
|
|
|
Batting: RHB Brian Spry
|
0-0: Called Strike 0-1: Ball 1-1: Called Strike 1-2: Strikes out swinging
|
| Bottom of the 4th over - 0 runs, 0 hits, 0 errors, 1 left on base; Elizabethton 3 - Orem 2 |
| TOP OF THE 5TH |
|
Elizabethton Twins batting - Pitching for Orem Owlz : LHP Tanner Scarlett
|
|
Batting: RHB Hisao Takei
|
0-0: Foul Ball, location: 2F 0-1: Ball 1-1: Foul Ball, location: 2F 1-2: SINGLE (Flyball, 4D, EV 83.1 MPH)
|
|
Batting: RHB Sergio Gomez
|
0-0: Called Strike 0-1: Ball 1-1: 2-RUN HOME RUN (Flyball, 78XD, EV 115.6 MPH), Distance : 460 ft
|
|
Pitching: RHP Arnold Frye
|
|
|
Batting: RHB Ned Scovell
|
0-0: Called Strike 0-1: Called Strike 0-2: Ball 1-2: Ball 2-2: Fly out, F8 (Flyball, 8RD, EV 93.8 MPH)
|
|
Batting: RHB Calvin Day
|
0-0: Ball 1-0: SINGLE (Groundball, 34D, EV 97.5 MPH)
|
|
Batting: RHB Braydon Garland
|
0-0: Called Strike 0-1: Ball 1-1: Swinging Strike 1-2: Strikes out swinging
|
|
Batting: LHB Joey Zamora
|
0-0: DOUBLE (Line Drive, 7LD, EV 106.9 MPH) Calvin Day to third
|
|
Batting: RHB David McDonald
|
0-0: Ground out 6-3 (Groundball, 6, EV 82.5 MPH)
|
| Top of the 5th over - 2 runs, 4 hits, 0 errors, 2 left on base; Elizabethton 5 - Orem 2 |
| BOTTOM OF THE 5TH |
|
Orem Owlz batting - Pitching for Elizabethton Twins : RHP Brian Waldrip
|
|
Batting: RHB Fred Saxton
|
0-0: Ball 1-0: Ball 2-0: Ball 3-0: Base on Balls
|
|
Batting: RHB Arnaud Derosiers
|
0-0: Fly out, F8 (Flyball, 8LD, EV 91.9 MPH)
|
|
Batting: RHB Daniel Molina
|
0-0: Ball Fred Saxton is caught stealing 2nd base 2-4 1-0: Foul Ball, location: 2F 1-1: Ball 2-1: Ball 3-1: Base on Balls
|
|
Batting: SHB Manuel Martinez
|
0-0: Called Strike 0-1: Foul Ball, location: 2F 0-2: Ball 1-2: Strikes out looking
|
| Bottom of the 5th over - 0 runs, 0 hits, 0 errors, 1 left on base; Elizabethton 5 - Orem 2 |
| TOP OF THE 6TH |
|
Elizabethton Twins batting - Pitching for Orem Owlz : RHP Arnold Frye
|
|
Batting: RHB Nestor Moreno
|
0-0: Ground out 5-3 (Groundball, 56, EV 101.2 MPH)
|
|
Batting: RHB Ryan Starks
|
0-0: Ball 1-0: Called Strike 1-1: Ball 2-1: Foul Ball, location: 2F 2-2: SINGLE (Flyball, 8RS, EV 91.2 MPH)
|
|
Pitching: RHP Dean Aspden
|
|
|
Batting: RHB Hisao Takei
|
0-0: Ball 1-0: Foul Ball, location: 2F 1-1: Ball 2-1: Fielders Choice at 2nd, 1-6 (Groundball, 34S, EV 70.6 MPH)
|
|
Batting: RHB Sergio Gomez
|
0-0: Ball 1-0: Fly out, F4 (Line Drive, 4, EV 63.8 MPH)
|
| Top of the 6th over - 0 runs, 1 hit, 0 errors, 1 left on base; Elizabethton 5 - Orem 2 |
| BOTTOM OF THE 6TH |
|
Orem Owlz batting - Pitching for Elizabethton Twins : RHP Brian Waldrip
|
|
Batting: RHB Shawn Jansen
|
0-0: Ball 1-0: Fly out, F8 (Flyball, 8RD, EV 107.5 MPH)
|
|
Batting: LHB David Coatney
|
0-0: Ball 1-0: Ball 2-0: Ball 3-0: Base on Balls
|
|
Batting: RHB Jesse Sargent
|
0-0: Ball 1-0: Foul Ball, location: 2F 1-1: Swinging Strike 1-2: Strikes out swinging
|
|
Pinch Hitting: LHB Kevin Feldman
|
0-0: DOUBLE (Line Drive, 8LXD, EV 105.6 MPH) David Coatney to third
|
|
Batting: RHB Brian Spry
|
0-0: Called Strike 0-1: Ball 1-1: Called Strike 1-2: Foul Ball, location: 2F 1-2: Ball 2-2: Ball 3-2: Strikes out swinging
|
| Bottom of the 6th over - 0 runs, 1 hit, 0 errors, 2 left on base; Elizabethton 5 - Orem 2 |
| TOP OF THE 7TH |
|
Elizabethton Twins batting - Pitching for Orem Owlz : RHP Dean Aspden
|
|
Now in CF: Carlos Gonzales
|
|
|
Batting: RHB Ned Scovell
|
0-0: Ball 1-0: Ball 2-0: Ball 3-0: Called Strike 3-1: Base on Balls
|
|
Batting: RHB Calvin Day
|
0-0: Swinging Strike 0-1: Fly out, F3 (Popup, 34S, EV 73.8 MPH)
|
|
Batting: RHB Braydon Garland
|
0-0: Called Strike 0-1: Ball 1-1: Ball 2-1: Swinging Strike 2-2: Strikes out looking
|
|
Pitching: RHP Carlos Olbera
|
|
|
Batting: LHB Joey Zamora
|
0-0: Swinging Strike 0-1: Foul Ball, location: 2F 0-2: Strikes out swinging
|
| Top of the 7th over - 0 runs, 0 hits, 0 errors, 1 left on base; Elizabethton 5 - Orem 2 |
| BOTTOM OF THE 7TH |
|
Orem Owlz batting - Pitching for Elizabethton Twins : RHP Brian Waldrip
|
|
Now at 3B: Antonio Santos
|
|
|
Batting: RHB Fred Saxton
|
0-0: Ball 1-0: Ball 2-0: Swinging Strike 2-1: Ground out 5-3 (Groundball, 56, EV 85.6 MPH)
|
|
Batting: RHB Arnaud Derosiers
|
0-0: Foul Ball, location: 2F 0-1: Called Strike 0-2: Strikes out swinging
|
|
Batting: RHB Daniel Molina
|
0-0: SINGLE (Groundball, 56S, EV 64.4 MPH) (infield hit)
|
|
Pitching: RHP Curtis Melchert
|
|
|
Batting: SHB Manuel Martinez
|
0-0: Called Strike Daniel Molina steals 2nd, throwing error, E2 Daniel Molina to third 0-1: Ground out 4-3 (Groundball, 4, EV 110.6 MPH)
|
| Bottom of the 7th over - 0 runs, 1 hit, 1 error, 1 left on base; Elizabethton 5 - Orem 2 |
| TOP OF THE 8TH |
|
Elizabethton Twins batting - Pitching for Orem Owlz : RHP Carlos Olbera
|
|
Batting: RHB David McDonald
|
0-0: Ball 1-0: SINGLE (Line Drive, 56D, EV 96.2 MPH)
|
|
Batting: RHB Nestor Moreno
|
0-0: Bunt missed! 0-1: Bunt missed! 0-2: Ball 1-2: Fielders Choice at 2nd, 5-4 (Groundball, 56S, EV 91.9 MPH)
|
|
Batting: RHB Ryan Starks
|
0-0: Called Strike 0-1: Ball Wild Pitch! Nestor Moreno to second 1-1: Intentional Walk
|
|
Batting: RHB Hisao Takei
|
0-0: Called Strike 0-1: Ball 1-1: Fly out, F7 (Flyball, 7LS, EV 92.5 MPH)
|
|
Batting: RHB Sergio Gomez
|
0-0: Ball 1-0: Ball 2-0: Called Strike 2-1: Ball 3-1: Base on Balls Nestor Moreno to third Ryan Starks to second
|
|
Batting: RHB Ned Scovell
|
0-0: Swinging Strike 0-1: Called Strike 0-2: Strikes out swinging
|
| Top of the 8th over - 0 runs, 1 hit, 0 errors, 3 left on base; Elizabethton 5 - Orem 2 |
| BOTTOM OF THE 8TH |
|
Orem Owlz batting - Pitching for Elizabethton Twins : RHP Curtis Melchert
|
|
Batting: RHB Shawn Jansen
|
0-0: Called Strike 0-1: Called Strike 0-2: Ground out 6-3 (Groundball, 6, EV 80.6 MPH)
|
|
Batting: LHB David Coatney
|
0-0: Ball 1-0: Ball 2-0: Ball 3-0: Called Strike 3-1: Swinging Strike 3-2: Strikes out swinging
|
|
Pinch Hitting: SHB Cesar Carrasquillo
|
0-0: Ball 1-0: Ball 2-0: Foul Ball, location: 2F 2-1: Foul Ball, location: 2F 2-2: Foul Ball, location: 2F 2-2: Fly out, F9 (Flyball, 9, EV 75.0 MPH)
|
| Bottom of the 8th over - 0 runs, 0 hits, 0 errors, 0 left on base; Elizabethton 5 - Orem 2 |
| TOP OF THE 9TH |
|
Elizabethton Twins batting - Pitching for Orem Owlz : RHP Carlos Olbera
|
|
Pitching: RHP Nick Kempson
|
|
|
Now at 2B: Cesar Carrasquillo
|
|
|
Batting: RHB Antonio Santos
|
0-0: Swinging Strike 0-1: Foul Ball, location: 2F 0-2: Ball 1-2: Strikes out swinging
|
|
Batting: RHB Braydon Garland
|
0-0: Ground out 6-3 (Groundball, 6, EV 80.0 MPH)
|
|
Batting: LHB Joey Zamora
|
0-0: Called Strike 0-1: Swinging Strike 0-2: Strikes out swinging
|
| Top of the 9th over - 0 runs, 0 hits, 0 errors, 0 left on base; Elizabethton 5 - Orem 2 |
| BOTTOM OF THE 9TH |
|
Orem Owlz batting - Pitching for Elizabethton Twins : RHP Curtis Melchert
|
|
Pitching: RHP Ron Didkowsky
|
|
|
Pinch Hitting: RHB Kyle Gray
|
0-0: Called Strike 0-1: Ball 1-1: Ball 2-1: Ground out 4-3 (Groundball, 4M, EV 91.2 MPH)
|
|
Batting: RHB Brian Spry
|
0-0: Ball 1-0: Ball 2-0: Ball 3-0: Called Strike 3-1: Base on Balls
|
|
Batting: RHB Fred Saxton
|
0-0: Ball 1-0: Ball 2-0: Swinging Strike 2-1: Swinging Strike 2-2: Foul Ball, location: 2F 2-2: Strikes out swinging
|
|
Batting: RHB Arnaud Derosiers
|
0-0: Ball 1-0: Foul Ball, location: 2F 1-1: Foul Ball, location: 2F 1-2: Strikes out swinging
|
| Bottom of the 9th over - 0 runs, 0 hits, 0 errors, 1 left on base; Elizabethton 5 - Orem 2 |
|